 Dungeon Crawl Stone Soup version 0.31-a0-18-gea43df2a32 (webtiles) character file.

Game seed: 14892153462181543113

1455 bande the Chopper (level 8, -2/51 HPs)
             Began as a Gargoyle Fighter on May 10, 2023.
             Slain by Blork the orc
             ... wielding a +0 short sword
              (8 damage)
             ... on level 5 of the Dungeon.
             The game lasted 00:08:14 (4322 turns).

bande the Chopper (Gargoyle Fighter)                Turns: 4322, Time: 00:08:15

Health: -2/51      AC: 16    Str: 20    XL:     8   Next: 76%
Magic:  8/8        EV:  9    Int: 15    God:
Gold:   248        SH:  5    Dex: 11    Spells: 7/7 levels left

rFire   . . .        a - +1 war axe
rCold   . . .        c - +0 buckler
rNeg    + . .        b - +0 scale mail
rPois   ∞            q - +0 helmet
rElec   +            e - +0 cloak
rCorr   .            (no gloves)
SInv    .            k - +0 pair of boots
Will    +....        (no amulet) Stlth
                     l - +6 ring of intelligence
HPRegen 0.28/turn    f - ring of willpower
MPRegen 0.11/turn

%: no passive effects
@: no status effects
A: sickness immunity, AC +5, negative energy resistance 1, electricity
resistance, torment resistance 1, petrification resistance
a: no special abilities


You were on level 5 of the Dungeon.
You visited 1 branch of the dungeon, and saw 5 of its levels.
You also visited: Ossuary.

You collected 248 gold pieces.

Inventory:

Hand Weapons
 a - a +1 war axe (weapon)
 g - a +2 flail of protection
Armour
 b - a +0 scale mail (worn)
 c - a +0 buckler (worn)
 d - a +0 chain mail
 e - a +0 cloak (worn)
 k - a +0 pair of boots (worn)
 q - a +0 helmet (worn)
Jewellery
 f - a ring of willpower (right hand)
 l - a +6 ring of intelligence (left hand)
Scrolls
 j - 3 scrolls of magic mapping
 p - 2 scrolls of fog
 s - 2 scrolls of enchant weapon
 t - a scroll of teleportation
Potions
 h - a potion of cancellation
 i - 3 potions of brilliance
 m - a potion of lignification {unknown}
 o - 2 potions of curing
 r - 5 potions of heal wounds


   Skills:
 + Level 5.8 Fighting
 + Level 7.5 Axes
 + Level 5.7 Armour
 + Level 4.6 Shields


You had 7 spell levels left.
You didn't know any spells.
Your spell library contained the following spells:

 Spells                   Type           Power      Damage    Failure   Level
 Ignite Poison            Fire/Tmut/Pois 0%         N/A       95%         3
 Freezing Cloud           Conj/Ice/Air   0%         6-21      100%        5
 Simulacrum               Ice/Necr       0%         N/A       100%        6
 Ozocubu's Refrigeration  Ice            0%         4d7       100%        7
 Polar Vortex             Ice            0%         N/A       100%        9
 Cigotuvi's Dreadful Rot  Necr/Pois/Air  Unusable   N/A       N/A         2

Dungeon Overview and Level Annotations

Branches:
Dungeon (5/15)            Ossuary (visited)
 Temple: D:4-7

Altars:
Uskayaw
Yredelemnul

Annotations:
D:5 Blork the orc, Dowan, Duvessa


Innate Abilities, Weirdness & Mutations

You are immune to sickness and miasma.
Your stone body is resilient. (AC +5)
You are immune to poison.
You resist negative energy. (rN+)
You are resistant to electric shocks. (rElec)
You are resistant to unholy torment.
You are immune to petrification.


Message History

Blork the orc closely misses you. The ogre closely misses you.
You hit the ogre.
The ogre is heavily wounded.
You hit Blork the orc but do no damage.
Blork the orc hits you with a +0 short sword.
Blork the orc barely misses you.
You hit the ogre.
The ogre is severely wounded.
You closely miss Blork the orc. The ogre hits you with a +0 giant club.
Blork the orc hits you but does no damage.
Unknown command.
You slash the ogre!
You kill the ogre!
You slash Blork the orc! You block Blork the orc's attack.
Blork the orc hits you but does no damage.
Dowan closely misses you. Duvessa hits you but does no damage.
Unknown command.
Unknown command.
You completely miss Duvessa. You hit Blork the orc. You hit Dowan.
Blork the orc casts a spell at you.
The puff of flame hits you but does no damage.
Dowan barely misses you. You block Duvessa's attack.
Blork the orc screams, "You are the ugliest creature I've ever seen!"
Blork the orc hits you with a +0 short sword.
Dowan barely misses you. Duvessa hits you but does no damage.
You hit Duvessa.
Duvessa is lightly wounded.
You hit Blork the orc. You hit Dowan but do no damage.
Blork the orc barely misses you. You block Dowan's attack.
Duvessa barely misses you.
Blork the orc hits you with a +0 short sword!
* * * LOW HITPOINT WARNING * * *
You hit Duvessa but do no damage.
Duvessa is lightly wounded.
You completely miss Blork the orc. You slash Dowan!
Dowan hits you but does no damage.
Duvessa zaps a wand.
The puff of flame hits you!
* * * LOW HITPOINT WARNING * * *
Blork the orc hits you with a +0 short sword!
You die...

..# ..... #..
..... ##..
...... ...
......
#..##...<..
#..........
...##.).e.)#
......e@...#
....#.o....#
. #..........
............
$##.#........
..
#.##......# .
#. ..#.... .$
.......


You could see Duvessa, Blork the orc (fast) and Dowan.

Vanquished Creatures
  An orc warrior (D:4)
  4 ogres
  2 phantoms
  2 elf zombies (Ossuary)
  2 scorpions (D:4)
  3 centaur zombies (Ossuary)
  A human zombie (Ossuary)
  A hound (D:4)
  Crazy Yiuf (D:2)
  An iguana (D:4)
  A sleepcap (D:4)
  2 orc wizards
  3 hound zombies
  4 mummies
  Robin (D:2)
  A gnoll (D:1)
  6 adders
  5 adder zombies
  4 worms
  13 orcs
  8 ball pythons
  8 endoplasms
  2 giant cockroaches
  19 goblins
  13 hobgoblins
  2 jackals
  2 quokkas
  6 bats
  4 frilled lizards
  3 goblin zombies (Ossuary)
  6 hobgoblin zombies (Ossuary)
  4 jackal zombies
  7 kobolds
  2 kobold zombies (Ossuary)
  3 orc zombies (Ossuary)
  4 quokka zombies (Ossuary)
  7 rats
  2 rat zombies (Ossuary)
160 creatures vanquished.

Notes
Turn   | Place    | Note
-------+----------+-------------------------------------------
     0 | D:1      | bande the Gargoyle Fighter began the quest for the Orb.
     0 | D:1      | Reached XP level 1. HP: 14/14 MP: 1/1
    94 | D:1      | Reached skill level 2 in Axes
    94 | D:1      | Reached XP level 2. HP: 19/19 MP: 2/2
   165 | D:1      | Reached XP level 3. HP: 24/24 MP: 3/3
   728 | D:2      | Found a runed translucent door.
   729 | D:2      | Noticed Crazy Yiuf
   800 | D:2      | Identified the +4 ring mail of Kacs {Str-5 Dex+2 SInv}
   894 | D:2      | Reached XP level 4. HP: 28/29 MP: 4/4
  1032 | D:2      | Noticed Robin
  1036 | D:2      | Reached skill level 3 in Axes
  1052 | D:2      | Killed Robin
  1060 | D:2      | Reached XP level 5. HP: 22/33 MP: 5/5
  1393 | D:2      | Killed Crazy Yiuf
  1690 | D:3      | Found a basalt altar of Yredelemnul.
  1724 | D:3      | Noticed a phantom
  1755 | D:3      | Killed a phantom
  1756 | D:3      | Reached skill level 4 in Axes
  1756 | D:3      | Reached XP level 6. HP: 19/39 MP: 6/6
  2108 | D:3      | Found a hide-covered altar of Uskayaw.
  2403 | D:4      | Found a sand-covered staircase.
  2421 | Ossuary  | Entered an ossuary
  2634 | Ossuary  | Reached XP level 7. HP: 36/44 MP: 7/7
  2682 | Ossuary  | Reached skill level 5 in Axes
  2973 | Ossuary  | Reached skill level 5 in Fighting
  3295 | D:4      | Reached skill level 6 in Axes
  3440 | D:4      | Reached skill level 5 in Armour
  3537 | D:4      | Reached XP level 8. HP: 40/49 MP: 8/8
  4174 | D:5      | Entered Level 5 of the Dungeon
  4174 | D:5      | Noticed Blork the orc
  4174 | D:5      | Noticed Dowan
  4175 | D:5      | Noticed Duvessa
  4254 | D:4      | Reached skill level 7 in Axes
  4322 | D:5      | Slain by Blork the orc

Illustrated notes

Levels and vault maps discovered:
D:1:      minmay_arrival_hallway, layout_basic, minmay_misc_feat_secret_circle
D:2:      layout_basic, minmay_between, uniq_crazy_yiuf_cottage, uniq_robin
D:3:      layout_rooms, nicolae_uskayaw_dance_hall,
          nicolae_yredelemnul_corpse_copse, minmay_pentomino_pile
D:4:      nicolae_cairo_tiling_very_big, layout_loops_ring,
          gup_ossuary_entry_pyramid
D:5:      layout_cave_pools, lightli_sewer_entry_pipes, minmay_ruined_shrine,
          uniq_edmund, uniq_blork_the_orc, uniq_duvessa, uniq_pikel

Skill      XL: |  1  2  3  4  5  6  7  8 |
---------------+-------------------------+-----
Axes           | 2 3 4 6 7 |  7.5
Fighting       | 4 5 |  5.8
Armour         | 4 5 |  5.7
Shields        | 4 |  4.6

Action                     |  1- 3 |  4- 6 |  7- 9 || total
---------------------------+-------+-------+-------++-------
  Melee: War axe           |    68 |   239 |   196 ||   503
    Use: Scroll            |       |     7 |     8 ||    15
         Potion            |       |       |     1 ||     1
 Armour: Scale mail        |    49 |   150 |   151 ||   350
  Dodge: Dodged            |    41 |   100 |   109 ||   250
  Block: Buckler           |    16 |    52 |    44 ||   112

Table legend: (Time is in decaauts)
 A = Elapsed time spent in this place.
 B = Non-inter-level travel time spent in this place.
 C = Inter-level travel time spent in this place.
 D = Time resting spent in this place.
 E = Time spent auto-exploring this place.
 F = Levels seen in this place.
 G = Mean time per level.
                   A        B        C        D        E       F      G
               +--------+--------+--------+--------+--------+-----+--------+
         Total |   4478 |   4364 |    114 |    792 |   2463 |   6 |  746.3 |
       Dungeon |   3675 |   3561 |    114 |    520 |   2173 |   5 |  735.0 |
       Ossuary |    803 |    803 |      0 |    272 |    290 |   1 |  803.0 |
               +--------+--------+--------+--------+--------+-----+--------+

Top non-repeatable levels by time:
     D:4: 1210 daAuts
     D:2: 922 daAuts
     D:3: 876 daAuts
 Ossuary: 803 daAuts
     D:1: 645 daAuts
     D:5: 21 daAuts
